 Dungeon Crawl Stone Soup version 0.31.0-9-g3a7656b989 (webtiles) character file.

Game seed: 6701194404110114080

98 stipulation the Grave Robber (level 4, -6/21 HPs)
             Began as a Vine Stalker Necromancer on Jan 25, 2024.
             Killed by divine providence
             ... invoked by an orc priest
              (11 damage)
             ... on level 3 of the Dungeon.
             The game lasted 00:02:52 (1535 turns).

stipulation the Grave Robber (VSNe)                 Turns: 1535, Time: 00:02:53

Health: -6/21      AC:  9    Str: 10    XL:     4   Next: 71%
Magic:  0/10       EV: 10    Int: 22    God:
Gold:   57         SH:  0    Dex: 15    Spells: 6/10 levels left

rFire   . . .        l - +0 dagger
rCold   . . .        (no shield)
rNeg    . . .        n - +3 ring mail "Zeush" {Int+5}
rPois   .            (no helmet)
rElec   .            (no cloak)
rCorr   .            (no gloves)
SInv    .            g - +0 pair of boots
Will    .....        (no amulet)
Stlth   +            (no ring)
HPRegen 1.03/turn    (no ring)
MPRegen 0.12/turn

%: guardian spirit
@: very slightly contaminated
A: fangs 2, regeneration 1, magic shield, antimagic bite, no potion heal 2
a: no special abilities


You were on level 3 of the Dungeon.
You visited 1 branch of the dungeon, and saw 3 of its levels.

You collected 129 gold pieces.
You spent 72 gold pieces at shops.

Inventory:

Hand Weapons
 l - a +0 dagger (weapon)
Armour
 a - a +0 robe
 g - a +0 pair of boots (worn)
 m - a +0 leather armour
 n - the +3 ring mail "Zeush" (worn) {Int+5}
   (You found it on level 2 of the Dungeon)

   Int+5:     It affects your intelligence (+5).
Jewellery
 d - a ring of wizardry
 q - an amulet of magic regeneration
 t - a ring of magical power
Talismans
 h - a beast talisman
 r - a granite talisman
Scrolls
 e - 3 scrolls of identify
 i - 2 scrolls of enchant armour {unknown}
 k - a scroll of teleportation {unknown}
 o - a scroll of summoning {unknown}
 s - a scroll of fear
Potions
 b - 2 potions of magic
 c - 2 potions of might {unknown}
 f - 2 potions of lignification {unknown}
 j - a potion of haste {unknown}
 p - a potion of enlightenment {unknown}


   Skills:
 - Level 1.5 Dodging
 - Level 2.4 Stealth
 + Level 3.7 Spellcasting
 + Level 5.0 Necromancy


You had 6 spell levels left.
You knew the following spells:

 Your Spells              Type           Power      Damage    Failure   Level
a - Necrotise             Necr           100%       1d9       3%          1
b - Vampiric Draining     Necr           26%        2d7       11%         3

Your spell library contained the following spells:

 Spells                   Type           Power      Damage    Failure   Level
 Animate Dead             Necr           26%        N/A       36%         4
 Curse of Agony           Necr           26%        N/A       71%         5


Dungeon Overview and Level Annotations

Branches:
Dungeon (3/15)

Altars:

Shops:
D:2 ?


Innate Abilities, Weirdness & Mutations

You have extremely sharp teeth.
Your natural rate of healing is unusually fast.
When hurt, damage is shared between your health and your magic reserves.
Your bite disrupts and absorbs the magic of your enemies.
Potions cannot restore your health.


Message History

An orc priest is nearby!
An orc priest is nearby!
You miscast Necrotise.
You are very lightly contaminated with residual magic.
Nothing appears to happen.
The orc priest writhes in agony.
The orc priest invokes the aid of Beogh against you.
Beogh smites you!
You are too injured to fight recklessly!
The orc priest barely misses you.
Casting: Necrotise (safe; 3% risk of failure)
Confirm with . or Enter, or press ? or * to list all spells.
Aiming: Vampiric Draining (extremely dangerous; 11% risk of failure)
Press: ? - help, Shift-Dir - straight line, f/p - orc priest
Aim: an orc priest, wielding a +0 club (lightly wounded)
You draw life force from the orc priest!
You feel life coursing into your body.
The orc priest calls down the wrath of Beogh upon you.
Beogh smites you!
Ouch! That really hurt!
* * * LOW HITPOINT WARNING * * *
Casting: Vampiric Draining (extremely dangerous; 11% risk of failure)
Confirm with . or Enter, or press ? or * to list all spells.
You don't have enough magic to cast this spell.
You hit the orc priest.
The orc priest is severely wounded.
The orc hits you but does no damage.
The orc priest begins to cast a cantrip, but forgets the words!
You hit the orc priest but do no damage.
The orc priest is severely wounded.
The orc hits you but does no damage.
The orc priest hits you but does no damage.
You closely miss the orc priest.
The orc priest is severely wounded.
The orc hits you with a +0 dagger.
* * * LOW HITPOINT WARNING * * *
The orc priest mumbles some strange prayers to Beogh against you.
Beogh smites you!
Ouch! That really hurt!
You die...

# #. .# . #.#. ## #.
#... .# ##o## ... .#
##..o## #.# .# ##...o@##
#.###.### ##!......##
#.......
#......$..####...#.#####
+.........'.............
#...<.....####...#.#####
##.......## ###.##.##
##...?.## #.<.....#
##...## #.####..# ##+##
#. ..#


You could see an orc priest and 2 orcs.

Vanquished Creatures
  An orc priest (D:2)
  Jessica (D:2)
  An adder (D:2)
  A dart slug (D:1)
  2 ball pythons (D:1)
  4 endoplasms
  A giant cockroach (D:1)
  5 hobgoblins
  3 quokkas
  3 bats
  2 frilled lizards (D:2)
  3 kobolds (D:2)
  A rat (D:1)
28 creatures vanquished.

Vanquished Creatures (collateral kills)
  A dart slug (D:1)
  A hobgoblin (D:1)
2 creatures vanquished.

Grand Total: 30 creatures vanquished

Notes
Turn   | Place    | Note
-------+----------+-------------------------------------------
     0 | D:1      | stipulation the Vine Stalker Necromancer began the quest
                  | for the Orb.
     0 | D:1      | Reached XP level 1. HP: 9/9 MP: 4/4
   182 | D:1      | Reached XP level 2. HP: 13/13 MP: 4/6
   504 | D:1      | Reached XP level 3. HP: 16/16 MP: 5/8
   900 | D:2      | Found a faded altar of an unknown god.
   902 | D:2      | Noticed a great orb of eyes
   902 | D:2      | Noticed a great orb of eyes
   904 | D:2      | Noticed a glass eye
   904 | D:2      | Noticed an eye of devastation
   988 | D:2      | Identified the +3 ring mail "Zeush" {Int+5}
  1036 | D:2      | Noticed Jessica
  1045 | D:2      | Killed Jessica
  1088 | D:2      | Reached XP level 4. HP: 21/21 MP: 3/10
  1246 | D:2      | Found Gimmam's Magic Scroll Shoppe.
  1253 | D:2      | Bought a scroll of fear for 48 gold pieces
  1253 | D:2      | Bought a scroll of identify for 24 gold pieces
  1464 | D:2      | Reached skill level 5 in Necromancy
  1468 | D:2      | Learned a level 3 spell: Vampiric Draining
  1535 | D:3      | Killed from afar by an orc priest

Illustrated notes

Levels and vault maps discovered:
D:1:      dpeg_arrival_water_temple_mockup, layout_basic
D:2:      layout_rooms, hellmonk_ecumenical_altar_watching_god, serial_shops,
          nicolae_shop_peninsula, minmay_misc_feat_diagonals, uniq_jessica
D:3:      layout_loops_corners, serial_shops, nicolae_shop_tiny_real_fake_doors

Skill      XL: |  1  2  3  4 |
---------------+-------------+-----
Spellcasting   | 3 |  3.7
Necromancy     | 5 |  5.0
Dodging        | |  1.5
Stealth        | |  2.4

Action                     |  1- 3 |  4- 6 || total
---------------------------+-------+-------++-------
  Melee: Unarmed           |    16 |       ||    16
         Bite              |    10 |       ||    10
         Dagger            |     4 |     5 ||     9
   Cast: Necrotise         |    40 |     9 ||    49
         Vampiric Draining |       |     1 ||     1
   Stab: Distracted        |     1 |       ||     1
 Armour: Robe              |    14 |       ||    14
         Ring mail         |     3 |     9 ||    12
  Dodge: Dodged            |    16 |     2 ||    18
         Form:             |     1 |       ||     1
         Beast             |     1 |       ||     1
